TOP OF THE 1ST |
Toledo Titans batting - Pitching for New Amsterdam Republics : RHP Jorge Rodríguez
|
Pitching: RHP Jorge Rodríguez
|
|
Batting: RHB Brad Brown
|
0-0: Swinging Strike 0-1: Foul Ball, location: 2F 0-2: Fly out, F8 (Flyball, 8LS)
|
Batting: RHB Sherman Davis
|
0-0: Fly out, F8 (Popup, 6MD)
|
Batting: LHB Michael Neely
|
0-0: Foul Ball, location: 2F 0-1: Foul Ball, location: 2F 0-2: Ball 1-2: Foul Ball, location: 2F 1-2: Ground out U3 (Groundball, 3)
|
Top of the 1st over - 0 run(s), 0 hit(s), 0 error(s), 0 left on base; Toledo 0 - New Amsterdam 0 |
BOTTOM OF THE 1ST |
New Amsterdam Republics batting - Pitching for Toledo Titans : RHP Ryoichi Maruyama
|
Pitching: RHP Ryoichi Maruyama
|
|
Batting: RHB José Ramírez
|
0-0: Called Strike 0-1: Ball 1-1: Ball 2-1: Ball 3-1: Called Strike 3-2: Base on Balls
|
Batting: RHB Doug Reed
|
0-0: Ball José Ramírez steals 2nd base 1-0: Foul Ball, location: 2F 1-1: Swinging Strike 1-2: Strikes out swinging
|
Batting: RHB Porter Martínez
|
0-0: Called Strike 0-1: Ball 1-1: Foul Ball, location: 2F 1-2: Ground out 6-3 (Groundball, 6) José Ramírez to third
|
Batting: LHB Ken Norman
|
0-0: Called Strike 0-1: Ball 1-1: Ball 2-1: Ball 3-1: Foul Ball, location: 2F 3-2: Base on Balls
|
Batting: RHB Carlos Ortega
|
0-0: Called Strike 0-1: Fly out, F7 (Line Drive, 7M)
|
Bottom of the 1st over - 0 run(s), 0 hit(s), 0 error(s), 2 left on base; Toledo 0 - New Amsterdam 0 |
TOP OF THE 2ND |
Toledo Titans batting - Pitching for New Amsterdam Republics : RHP Jorge Rodríguez
|
Batting: RHB Enrique Pérez
|
0-0: Ground out 6-3 (Groundball, 6)
|
Batting: LHB David Martínez
|
0-0: Ball 1-0: Foul Ball, location: 2F 1-1: Ball 2-1: Called Strike 2-2: Foul Ball, location: 2F 2-2: Ball 3-2: Foul Ball, location: 2F 3-2: Base on Balls
|
Batting: LHB Nathan Santos
|
0-0: Ball 1-0: Ball 2-0: Called Strike 2-1: Fielders Choice at 2nd, 5-4 (Groundball, 5L)
|
Batting: LHB Salvador Vidal
|
0-0: Called Strike 0-1: Called Strike 0-2: Ball 1-2: Ball 2-2: Fly out, F7 (Flyball, 78M)
|
Top of the 2nd over - 0 run(s), 0 hit(s), 0 error(s), 1 left on base; Toledo 0 - New Amsterdam 0 |
BOTTOM OF THE 2ND |
New Amsterdam Republics batting - Pitching for Toledo Titans : RHP Ryoichi Maruyama
|
Batting: RHB Noel Livingston
|
0-0: Ground out 6-3 (Groundball, 6M)
|
Batting: RHB Fernando López
|
0-0: SINGLE (Line Drive, 9LS)
|
Batting: RHB Ronald Shelton
|
0-0: Swinging Strike 0-1: Fly out, F9 (Flyball, 89XD)
|
Batting: RHB Jorge Rodríguez
|
0-0: Ball 1-0: Foul Ball, location: 2F 1-1: Called Strike 1-2: Ball 2-2: Ball 3-2: Strikes out swinging
|
Bottom of the 2nd over - 0 run(s), 1 hit(s), 0 error(s), 1 left on base; Toledo 0 - New Amsterdam 0 |
TOP OF THE 3RD |
Toledo Titans batting - Pitching for New Amsterdam Republics : RHP Jorge Rodríguez
|
Batting: RHB Steve Ferguson
|
0-0: Called Strike 0-1: Fly out, F9 (Line Drive, 89M)
|
Batting: SHB Ryoichi Maruyama
|
0-0: Ball 1-0: Swinging Strike 1-1: Called Strike 1-2: Foul Ball, location: 2F 1-2: Strikes out swinging
|
Batting: RHB Brad Brown
|
0-0: Ball 1-0: Ground out 6-3 (Groundball, 6M)
|
Top of the 3rd over - 0 run(s), 0 hit(s), 0 error(s), 0 left on base; Toledo 0 - New Amsterdam 0 |
BOTTOM OF THE 3RD |
New Amsterdam Republics batting - Pitching for Toledo Titans : RHP Ryoichi Maruyama
|
Batting: RHB José Ramírez
|
0-0: Swinging Strike 0-1: Ground out 6-3 (Groundball, 56)
|
Batting: RHB Doug Reed
|
0-0: Called Strike 0-1: Hit by Pitch
|
Batting: RHB Porter Martínez
|
0-0: Ball 1-0: Ball 2-0: Called Strike 2-1: Foul Ball, location: 2F 2-2: Foul Ball, location: 2F 2-2: 2-RUN HOME RUN (Flyball, 7LD), Distance : 371 ft
|
Batting: LHB Ken Norman
|
0-0: Ball 1-0: Ground out 3-1 (Groundball, 34)
|
Batting: RHB Carlos Ortega
|
0-0: Ball 1-0: Foul Ball, location: 2F 1-1: Ball 2-1: Foul Ball, location: 2F 2-2: Ball 3-2: Foul Ball, location: 2F 3-2: SINGLE (Line Drive, 4D)
|
Batting: RHB Noel Livingston
|
0-0: Called Strike 0-1: Ball 1-1: Ball 2-1: Foul Ball, location: 2F 2-2: 2-RUN HOME RUN (Flyball, 8RXD), Distance : 435 ft
|
Batting: RHB Fernando López
|
0-0: Called Strike 0-1: Called Strike 0-2: Ball 1-2: Foul Ball, location: 2F 1-2: Ground out 6-3 (Groundball, 6)
|
Bottom of the 3rd over - 4 run(s), 3 hit(s), 0 error(s), 0 left on base; Toledo 0 - New Amsterdam 4 |
TOP OF THE 4TH |
Toledo Titans batting - Pitching for New Amsterdam Republics : RHP Jorge Rodríguez
|
Batting: RHB Sherman Davis
|
0-0: Called Strike 0-1: Ball 1-1: SINGLE (Groundball, 6MD)
|
Batting: LHB Michael Neely
|
0-0: Ball 1-0: Foul Ball, location: 2F 1-1: Foul Ball, location: 2F 1-2: Ball 2-2: Ball 3-2: SINGLE (Groundball, 5D) Sherman Davis to second
|
Batting: RHB Enrique Pérez
|
0-0: Grounds into double play, 1-4-3 (Groundball, 15) Sherman Davis to third
|
Batting: LHB David Martínez
|
0-0: Ball 1-0: Foul Ball, location: 2F 1-1: Ball 2-1: Swinging Strike 2-2: Strikes out swinging
|
Top of the 4th over - 0 run(s), 2 hit(s), 0 error(s), 1 left on base; Toledo 0 - New Amsterdam 4 |
BOTTOM OF THE 4TH |
New Amsterdam Republics batting - Pitching for Toledo Titans : RHP Ryoichi Maruyama
|
Batting: RHB Ronald Shelton
|
0-0: Ball 1-0: Fly out, F6 (Popup, 6)
|
Batting: RHB Jorge Rodríguez
|
0-0: Foul Ball, location: 2F 0-1: SINGLE (Line Drive, 8RS)
|
Batting: RHB José Ramírez
|
0-0: Ball 1-0: Ball 2-0: Ball 3-0: Base on Balls Jorge Rodríguez to second
|
Batting: RHB Doug Reed
|
0-0: Ball 1-0: Fly out, F9 (Line Drive, 9M)
|
Batting: RHB Porter Martínez
|
0-0: Ball 1-0: Called Strike 1-1: Swinging Strike 1-2: Ground out 1-3 (Groundball, 15S)
|
Bottom of the 4th over - 0 run(s), 1 hit(s), 0 error(s), 2 left on base; Toledo 0 - New Amsterdam 4 |
TOP OF THE 5TH |
Toledo Titans batting - Pitching for New Amsterdam Republics : RHP Jorge Rodríguez
|
Batting: LHB Nathan Santos
|
0-0: Swinging Strike 0-1: Ground out 4-3 (Groundball, 34)
|
Batting: LHB Salvador Vidal
|
0-0: Called Strike 0-1: Swinging Strike 0-2: Strikes out looking
|
Batting: RHB Steve Ferguson
|
0-0: Fly out, F7 (Flyball, 7M)
|
Top of the 5th over - 0 run(s), 0 hit(s), 0 error(s), 0 left on base; Toledo 0 - New Amsterdam 4 |
BOTTOM OF THE 5TH |
New Amsterdam Republics batting - Pitching for Toledo Titans : RHP Ryoichi Maruyama
|
Batting: LHB Ken Norman
|
0-0: Ground out 4-3 (Groundball, 4)
|
Batting: RHB Carlos Ortega
|
0-0: SINGLE (Groundball, 4MD)
|
Batting: RHB Noel Livingston
|
0-0: Called Strike Carlos Ortega steals 2nd base 0-1: Foul Ball, location: 2F 0-2: Ground out 1-3 (Groundball, 25)
|
Batting: RHB Fernando López
|
0-0: Called Strike 0-1: Ball 1-1: Foul Ball, location: 2F 1-2: Foul Ball, location: 2F 1-2: Ball 2-2: Foul Ball, location: 2F 2-2: Ground out 5-3 (Groundball, 5)
|
Bottom of the 5th over - 0 run(s), 1 hit(s), 0 error(s), 1 left on base; Toledo 0 - New Amsterdam 4 |
TOP OF THE 6TH |
Toledo Titans batting - Pitching for New Amsterdam Republics : RHP Jorge Rodríguez
|
Batting: SHB Ryoichi Maruyama
|
0-0: Ball 1-0: Ball 2-0: Foul Ball, location: 2F 2-1: Swinging Strike 2-2: Strikes out swinging
|
Batting: RHB Brad Brown
|
0-0: Foul Ball, location: 2F 0-1: Swinging Strike 0-2: Ball 1-2: Ball 2-2: Ground out 5-3 (Groundball, 56)
|
Batting: RHB Sherman Davis
|
0-0: Fly out, F9 (Line Drive, 9M)
|
Top of the 6th over - 0 run(s), 0 hit(s), 0 error(s), 0 left on base; Toledo 0 - New Amsterdam 4 |
BOTTOM OF THE 6TH |
New Amsterdam Republics batting - Pitching for Toledo Titans : RHP Ryoichi Maruyama
|
Batting: RHB Ronald Shelton
|
0-0: Swinging Strike 0-1: Ball 1-1: Swinging Strike 1-2: Ground out 6-3 (Groundball, 6M)
|
Batting: RHB Jorge Rodríguez
|
0-0: Ball 1-0: Ball 2-0: Ball 3-0: Called Strike 3-1: Swinging Strike 3-2: Strikes out swinging
|
Batting: RHB José Ramírez
|
0-0: Ball 1-0: Foul Ball, location: 2F 1-1: Ball 2-1: SINGLE (Groundball, 4M)
|
Batting: RHB Doug Reed
|
0-0: Called Strike José Ramírez steals 2nd base 0-1: Foul Ball, location: 2F 0-2: Ball 1-2: Ball 2-2: Ground out U3 (Groundball, 3S)
|
Bottom of the 6th over - 0 run(s), 1 hit(s), 0 error(s), 1 left on base; Toledo 0 - New Amsterdam 4 |
TOP OF THE 7TH |
Toledo Titans batting - Pitching for New Amsterdam Republics : RHP Jorge Rodríguez
|
Batting: LHB Michael Neely
|
0-0: Foul Ball, location: 2F 0-1: Fly out, F7 (Flyball, 78M)
|
Batting: RHB Enrique Pérez
|
0-0: Ball 1-0: Called Strike 1-1: Called Strike 1-2: Ball 2-2: Ball 3-2: Fly out, F8 (Flyball, 8LS)
|
Batting: LHB David Martínez
|
0-0: Swinging Strike 0-1: Ball 1-1: Foul Ball, location: 2F 1-2: Ball 2-2: Ball 3-2: Base on Balls
|
Batting: LHB Nathan Santos
|
0-0: Ball 1-0: Ball 2-0: Called Strike 2-1: Foul Ball, location: 2F 2-2: Foul Ball, location: 2F 2-2: Ball 3-2: Fly out, F9 (Line Drive, 9M)
|
Top of the 7th over - 0 run(s), 0 hit(s), 0 error(s), 1 left on base; Toledo 0 - New Amsterdam 4 |
BOTTOM OF THE 7TH |
New Amsterdam Republics batting - Pitching for Toledo Titans : RHP Ryoichi Maruyama
|
Batting: RHB Porter Martínez
|
0-0: Foul Ball, location: 2F 0-1: Foul Ball, location: 2F 0-2: SINGLE (Groundball, 25) (infield hit)
|
Pitching: RHP Cisco Cruz
|
|
Batting: LHB Ken Norman
|
0-0: Called Strike 0-1: Foul Ball, location: 2F 0-2: Strikes out swinging
|
Batting: RHB Carlos Ortega
|
0-0: Ball 1-0: Called Strike 1-1: Foul Ball, location: 2F 1-2: Strikes out swinging
|
Batting: RHB Noel Livingston
|
0-0: Called Strike 0-1: Ball 1-1: Swinging Strike 1-2: Ball 2-2: Strikes out swinging
|
Bottom of the 7th over - 0 run(s), 1 hit(s), 0 error(s), 1 left on base; Toledo 0 - New Amsterdam 4 |
TOP OF THE 8TH |
Toledo Titans batting - Pitching for New Amsterdam Republics : RHP Jorge Rodríguez
|
Batting: LHB Salvador Vidal
|
0-0: Reached on error, E4 (Groundball, 4)
|
Batting: RHB Steve Ferguson
|
0-0: Called Strike 0-1: Swinging Strike 0-2: Ball 1-2: Ball 2-2: Foul Ball, location: 2F 2-2: Ball 3-2: Strikes out looking
|
Pinch Hitting: SHB Curt Bryant
|
0-0: Called Strike 0-1: Ball 1-1: Swinging Strike 1-2: Grounds into double play, 4-6-3 (Groundball, 4)
|
Top of the 8th over - 0 run(s), 0 hit(s), 1 error(s), 0 left on base; Toledo 0 - New Amsterdam 4 |
BOTTOM OF THE 8TH |
New Amsterdam Republics batting - Pitching for Toledo Titans : RHP Cisco Cruz
|
Pitching: RHP Luys Povoena
|
|
Batting: RHB Fernando López
|
0-0: Ball 1-0: Ball 2-0: Called Strike 2-1: Swinging Strike 2-2: Strikes out swinging
|
Batting: RHB Ronald Shelton
|
0-0: Ball 1-0: Ball 2-0: Ball 3-0: Called Strike 3-1: Ground out 6-3 (Groundball, 6)
|
Pinch Hitting: RHB Rich Norman
|
0-0: Called Strike 0-1: Ball 1-1: Ground out 6-3 (Groundball, 6M)
|
Bottom of the 8th over - 0 run(s), 0 hit(s), 0 error(s), 0 left on base; Toledo 0 - New Amsterdam 4 |
TOP OF THE 9TH |
Toledo Titans batting - Pitching for New Amsterdam Republics : RHP Jorge Rodríguez
|
Pitching: RHP Gavin Blackburn
|
|
Batting: RHB Brad Brown
|
0-0: Ball 1-0: Called Strike 1-1: Swinging Strike 1-2: Ground out 5-3 (Groundball, 56S)
|
Batting: RHB Sherman Davis
|
0-0: Swinging Strike 0-1: Ball 1-1: Foul Ball, location: 2F 1-2: Strikes out swinging
|
Batting: LHB Michael Neely
|
0-0: Called Strike 0-1: SINGLE (Line Drive, 89S)
|
Batting: RHB Enrique Pérez
|
0-0: Ball 1-0: Ball 2-0: Fly out, F9 (Flyball, 89M)
|
Top of the 9th over - 0 run(s), 1 hit(s), 0 error(s), 1 left on base; Toledo 0 - New Amsterdam 4 |
|